 Dungeon Crawl Stone Soup version 0.29.0-13-gc9e81de378 (webtiles) character file.

Game seed: 15877351560512240465

561 ragingrage the Firebug (level 7, -1/46 HPs)
             Began as an Octopode Cinder Acolyte on Sept 7, 2022.
             Was a High Priest of Ignis.
             Slain by a centaur (3 damage)
             ... on level 5 of the Dungeon.
             The game lasted 00:02:46 (4495 turns).

ragingrage the Firebug (Octopode Cinder Acolyte)    Turns: 4495, Time: 00:02:47

Health: -1/46      AC:  1    Str: 14    XL:     7   Next: 31%
Magic:  8/14       EV: 12    Int: 18    God:    Ignis [*****.]
Gold:   198        SH:  0    Dex:  7    Spells: 13/15 levels left

rFire   + . .      SeeInvis .   n - +2 whip (venom)
rCold   . . .      Faith    .   (no shield)
rNeg    . . .      Spirit   .   (helmet restricted)
rPois   .          Reflect  .   (no amulet)
rElec   .          Harm     .   (no ring)
rCorr   .          Rampage  .   (no ring)
Will    .....                   (no ring)
Stlth   ++........              (no ring)
HPRegen 0.15/turn               (no ring)
MPRegen 0.14/turn               (no ring)
                                (no ring)
                                (no ring)

@: no status effects
A: almost no armour, amphibious, 8 rings, camouflage 1, gelatinous body 1,
(nimble swimmer 1), tentacles
a: Renounce Religion, Fiery Armour, Foxfire Swarm, Rising Flame


You were on level 5 of the Dungeon.
You worshipped Ignis.
Ignis was extremely pleased with you.
You visited 1 branch of the dungeon, and saw 5 of its levels.

You collected 198 gold pieces.

Inventory:

Hand Weapons
 n - a +2 whip of venom (weapon)
Wands
 l - a wand of polymorph (7)
Scrolls
 b - 8 scrolls of identify {unknown}
 f - a scroll of fear {unknown}
 g - a scroll of vulnerability {unknown}
 i - 2 scrolls of amnesia {unknown}
 j - 3 scrolls of teleportation {unknown}
 o - a scroll of silence {unknown}
 r - a scroll of butterflies {unknown}
 t - a scroll of magic mapping {unknown}
 u - a scroll of enchant armour {unknown}
Potions
 a - a potion of flight {unknown}
 c - a potion of magic {unknown}
 d - a potion of mutation {unknown}
 e - 4 potions of degeneration {unknown}
 h - 3 potions of haste {unknown}
 k - a potion of resistance {unknown}
 m - 2 potions of might {unknown}
 p - a potion of attraction {unknown}
 q - a potion of invisibility {unknown}
 s - a potion of curing
 v - a potion of brilliance {unknown}


   Skills:
 - Level 3.1 Fighting
 - Level 3.1 Polearms
 + Level 4.8 Spellcasting
 + Level 6.0 Fire Magic


You had 13 spell levels left.
You knew the following spells:

 Your Spells              Type           Power      Damage    Failure   Level
a - Scorch                Fire           52%        2d8       1%          2

Your spell library contained the following spells:

 Spells                   Type           Power      Damage    Failure   Level
 Ensorcelled Hibernation  Hex/Ice        8%         N/A       21%         2
 Passwall                 Tmut/Erth      3%         N/A       21%         2
 Swiftness                Air            4%         N/A       38%         3
 Fireball                 Conj/Fire      7%         3d5       73%         5
 Iskenderun's Battlesphe  Conj           4%         2d6       98%         5
 Conjure Ball Lightning   Conj/Air       2%         3x3d6     100%        6
 Orb of Destruction       Conj           2%         9d5       100%        7


Dungeon Overview and Level Annotations

Branches:
Dungeon (5/15)
 Temple: D:4-7

Altars:

Shops:
D:2 [

Annotations:
D:5 exclusion: water moccasin


Innate Abilities, Weirdness & Mutations

You cannot wear most types of armour.
You are amphibious.
You can wear up to eight rings at the same time.
Your skin changes colour to match your surroundings (Stealth+).
Your rubbery body absorbs attacks. (AC +1, EV +1)
((You are camouflaged when in or above water. (Stealth+)))
You have tentacles for arms and can constrict up to eight enemies at once.


Message History

You open the door.
There is an open door here.
u - a scroll labelled LIXKECU BIOR
v - a red potion You pick up a book of Burglary and begin reading...
You add the spells Passwall, Ensorcelled Hibernation and Swiftness to your library.
A centaur comes into view.
Found a metallic golden potion.
The centaur shouts!
The centaur wields a +0 shortbow.
The centaur shoots an arrow.
The arrow closely misses you.
A centaur is nearby!
A centaur is nearby!
The centaur shoots an arrow.
The arrow hits you!
The centaur shoots an arrow.
The arrow hits you!
The centaur unwields a +0 shortbow.
The centaur closely misses you. x2
The centaur hits you. The centaur barely misses you.
You are too injured to fight recklessly!
You are too injured to fight recklessly!
Casting: Scorch (safe; 1% risk of failure)
Confirm with . or Enter, or press ? or * to list all spells.
Flames lash the centaur.
The centaur is moderately wounded.
The centaur's fire resistance burns away.
The centaur barely misses you. The centaur kicks you.
Casting: Scorch (safe; 1% risk of failure)
Confirm with . or Enter, or press ? or * to list all spells.
Flames lash the centaur but do no damage.
The centaur hits you. The centaur completely misses you. The centaur hits you.
* * * LOW HITPOINT WARNING * * *
The centaur kicks you.
* * * LOW HITPOINT WARNING * * *
Casting: Scorch (safe; 1% risk of failure)
Confirm with . or Enter, or press ? or * to list all spells.
Flames lash the centaur.
The centaur is burned terribly!
The centaur is moderately wounded.
The centaur hits you.
* * * LOW HITPOINT WARNING * * *
The centaur kicks you.
You die...

##############################
#.................#
#.#########.......#
#.#...............#
#.#.#######.......# #.#.#
#.#####.# #.#.# #.# # #.#.#
#.#####.#
#####.#.#######.@....!#
......#..........c......
########################


You could see a centaur (combustible).

Vanquished Creatures
  A black bear (D:5)
  2 ogres (D:5)
  A necrophage (D:5)
  A scorpion (D:4)
  A hound (D:5)
  Jessica (D:2)
  An iguana (D:4)
  Terence (D:2)
  2 adders
  A white imp (D:5)
  An ufetubus (D:5)
  A worm (D:3)
  A dart slug (D:1)
  2 orcs
  3 endoplasms (D:1)
  4 giant cockroaches
  4 goblins
  4 hobgoblins
  10 jackals
  2 quokkas
  2 ball pythons
  4 bats
  A frilled lizard (D:1)
  4 kobolds
  A rat (D:1)
56 creatures vanquished.

Notes
Turn   | Place    | Note
-------+----------+-------------------------------------------
     0 | D:1      | ragingrage the Octopode Cinder Acolyte began the quest for
                  | the Orb.
     0 | D:1      | Reached XP level 1. HP: 16/16 MP: 2/2
   371 | D:1      | Reached XP level 2. HP: 21/21 MP: 3/3
   408 | D:1      | Learned a level 2 spell: Scorch
  1147 | D:2      | Found Uklom's Antique Armour Emporium.
  1170 | D:2      | Noticed Terence
  1218 | D:2      | Killed Terence
  1219 | D:2      | Reached XP level 3. HP: 16/26 MP: 0/6
  1802 | D:2      | Noticed Jessica
  1808 | D:2      | Killed Jessica
  1809 | D:2      | Reached skill level 4 in Fire Magic
  1809 | D:2      | Reached XP level 4. HP: 21/31 MP: 2/7
  2969 | D:3      | Identified the +1 robe of the Volcano {Regen+ Stlth+}
  3480 | D:4      | Reached XP level 5. HP: 34/36 MP: 9/9
  3823 | D:5      | Entered Level 5 of the Dungeon
  3823 | D:5      | Noticed an ogre
  3829 | D:5      | Killed an ogre
  3830 | D:5      | Reached skill level 5 in Fire Magic
  3830 | D:5      | Reached XP level 6. HP: 42/42 MP: 2/11
  3914 | D:5      | Noticed a water moccasin
  4186 | D:5      | Noticed an orc warrior
  4187 | D:5      | Noticed a shadow
  4194 | D:5      | Noticed a black bear
  4239 | D:5      | Reached XP level 7. HP: 46/46 MP: 6/13
  4303 | D:5      | Reached skill level 6 in Fire Magic
  4495 | D:5      | HP: 2/46 [centaur (5)]
  4495 | D:5      | Slain by a centaur

Illustrated notes

Levels and vault maps discovered:
D:1:      tarquinn_simple_flora_water_b, layout_loops_cross,
          chequers_serial_rivers_micro_b
D:2:      layout_basic, serial_shops, nicolae_shop_behind_doors,
          kennysheep_jessica_study, uniq_terence
D:3:      layout_basic, uniq_robin
D:4:      layout_basic
D:5:      layout_basic, lightli_corner_chamber, uniq_blork_the_orc

Skill      XL: |  1  2  3  4  5  6  7 |
---------------+----------------------+-----
Spellcasting   | 2 3 4 |  4.8
Fire Magic     | 4 5 6 |  6.0
Fighting       | |  3.1
Polearms       | |  3.1

Action                   |  1- 3 |  4- 6 |  7- 9 || total
-------------------------+-------+-------+-------++-------
Melee: Spear             |    13 |       |       ||    13
       War axe           |    14 |       |       ||    14
       Tentacles         |     6 |     4 |       ||    10
       Constrict         |     7 |     5 |       ||    12
       Whip              |    15 |    27 |       ||    42
 Cast: Scorch            |    10 |    32 |     7 ||    49
 Stab: Sleeping          |     5 |     1 |       ||     6
Armor: Skin              |     2 |     2 |       ||     4
Dodge: Dodged            |    20 |    18 |     6 ||    44
